AoeStats
← Lord_Wilfredo

Enclosed

504333469Analyzed
1v1 RM · 27d ago on Sep 4, 2026· 24m 20s· 2 players
Game mode
Random Map
Map size
Tiny (2 player)
Population
200
Speed
Normal
Resources
Standard
Victory
Conquest
Starting age
Dark Age
Ending age
Imperial Age
RankedLock teamsTeams togetherTeam positionsShared explorationLock speedFull tech treeHidden civsTurbo modeCheats
Victory
Defeat
🇦🇷 Mongols · Argentina
1236
+18
🇨🇴 Portuguese · Colombia
1271
-18
mca_018
7:21 Loom
7:59 Loom
10:30 Feudal Age
12:07 Double-Bit Axe
12:25 Horse Collar
14:08 Man-at-Arms
15:12 Scale Mail Armor
19:16 Fletching
22:42 Wheelbarrow
22:25 Padded Archer Armor
Lord_Wilfredo
8:05 Feudal Age
8:53 Double-Bit Axe
8:56 Loom
18:04 Fletching
19:12 Wheelbarrow
24:10 Castle Age
24:51 Bloodlines
24:16 Crossbowman
24:53 Bodkin Arrow
Connection lost

Rejoining the realm…

Still unreachable

The connection could not be restored.

Session expired

The server has moved on; the page needs a fresh start.